 Dungeon Crawl Stone Soup version 0.21.1-1-g345015f (webtiles) character file.

310 batai666 the Digger (level 6, 0/32 HPs)
             Began as a Gargoyle Earth Elementalist on Feb 12, 2018.
             Slain by an adder zombie (2 damage)
             ... on level 6 of the Dungeon.
             The game lasted 00:22:47 (3658 turns).

batai666 the Digger (Gargoyle Earth Elementalist)   Turns: 3658, Time: 00:22:48

Health: 0/32       AC:  6    Str: 11    XL:     6   Next: 41%
Magic:  3/20       EV: 12    Int: 18    God:
Gold:   179        SH:  0    Dex: 10    Spells: 8/12 levels left

rFire    . . .     SeeInvis .   u - +0 mace
rCold    . . .     Gourm    .   (no shield)
rNeg     + . .     Faith    .   c - +0 robe
rPois    ∞         Spirit   .   (no helmet)
rElec    +         Reflect  .   (no cloak)
rCorr    .         Harm     .   (no gloves)
MR       .....                  (no boots)
Stlth    ++........             (no amulet)
HPRegen  0.10/turn              m - ring of magical power
MPRegen  0.17/turn              (no ring)

@: very slightly contaminated
A: negative energy resistance 1, electricity resistance, unbreathing,
petrification resistance, rot immunity, AC +4
a: no special abilities


You were on level 6 of the Dungeon.
You were not hungry.

You visited 1 branch of the dungeon, and saw 5 of its levels.

You collected 179 gold pieces.

Inventory:

Hand Weapons
 h - a +0 spear
 n - a +0 dagger
 p - a +2 rapier of speed
 r - a +0 falchion
 u - a +0 mace (weapon)
Missiles
 b - 80 stones (quivered)
Armour
 c - a +0 robe (worn)
 g - a +0 scale mail
 i - a +0 large shield
Magical Staves
 q - an uncursed staff of conjuration
Jewellery
 m - a ring of magical power (left hand)
 s - an uncursed ring of protection from magic {unknown}
Wands
 t - a wand of flame (17)
Scrolls
 f - 2 scrolls of identify
 j - a scroll of remove curse {unknown}
 l - a scroll of noise {unknown}
Potions
 a - 2 potions of haste
 k - a potion of curing {unknown}
 o - a potion of lignification
Books
 e - a book of Geomancy

   Spells                             Type                      Level
   a - Sandblast                      Earth                        1
   b - Passwall                       Transmutation/Earth          2
   c - Stone Arrow                    Conjuration/Earth            3
   d - Petrify                        Transmutation/Earth          4
   e - Lee's Rapid Deconstruction     Earth                        5
Comestibles
 d - 8 rations
 v - 2 chunks of flesh


   Skills:
 - Level 1.5 Dodging
 - Level 2.1 Stealth
 + Level 3.8 Spellcasting
 + Level 3.2 Conjurations
   Level 0.7 Transmutations
 + Level 6.0 Earth Magic


You had 8 spell levels left.
You knew the following spells:

 Your Spells              Type           Power        Failure   Level  Hunger
a - Sandblast             Erth           ####..       1%          1    None
b - Stone Arrow           Conj/Erth      ###...       7%          3    ###....


Dungeon Overview and Level Annotations

Branches:
Dungeon (4/15)
 Temple: D:4-7

Altars:
Okawaru
Ru
Sif Muna

Shops:
D:6 :


Innate Abilities, Weirdness & Mutations

You are resistant to torment.
Your stone body is resilient. (AC +4)
You are immune to poison.
You resist negative energy. (rN+)
You are resistant to electric shocks. (rElec)
You can survive without breathing.
You are immune to petrification.
You are immune to rotting.


Message History

Press: ? - help, Shift-Dir - straight line, f/p - wight
Aim: a wight, wielding a trident and wearing a robe (lightly damaged)
The blast of sand misses the wight.
The blast of sand hits the wight.
The wight is lightly damaged.
b - 80 stones The wight hits you from afar with an enchanted spear.
* * * LOW HITPOINT WARNING * * *
Something hits the withered plant.
Unknown command.
The centaur zombie hits the withered plant but does no damage.
A crimson imp comes into view.
The quokka zombie bites the withered plant but does no damage.
The adder zombie bites you.
* * * LOW HITPOINT WARNING * * *
Unknown command.
The quokka zombie splashes around in the water.
The adder zombie closely misses you.
The centaur zombie hits you but does no damage.
The adder zombie bites you.
You die...

....####z#
#..>...#
.....# #.#
#.......#
.......##.#
#......<#
.......PP.#
#.......#
....≈≈≈≈.s#
#......##
....≈≈≈≈§§#
#......#
.P5§§Zz.#
..§.§ZZ##
#.P.§@§#
########


You could see a wight, a crimson imp (wandering), an adder zombie, a quokka
zombie and a centaur zombie.

Vanquished Creatures
  A scorpion (D:4)
  A wight (D:6)
  A jelly (D:6)
  An orc priest (D:3)
  4 gnolls
  2 adders
  2 oozes
  An adder skeleton (D:4)
  2 worms
  4 dart slugs
  3 leopard geckos
  3 orcs (D:4)
  9 bats
  3 giant cockroaches
  6 hobgoblins
  7 jackals
  5 kobolds
  A quokka (D:3)
  2 ball pythons (D:2)
  7 frilled lizards
  7 goblins
  6 rats
78 creatures vanquished.

Notes
Turn   | Place    | Note
-------+----------+-------------------------------------------
     0 | D:1      | batai666 the Gargoyle Earth Elementalist began the quest for the Orb.
     0 | D:1      | Reached XP level 1. HP: 10/10 MP: 3/3
   519 | D:1      | Reached skill level 4 in Earth Magic
   707 | D:1      | Reached XP level 2. HP: 15/15 MP: 3/5
  1016 | D:1      | Reached XP level 3. HP: 19/19 MP: 3/6
  1021 | D:1      | Learned a level 3 spell: Stone Arrow
  1716 | D:2      | Reached skill level 1 in Conjurations
  1717 | D:2      | Reached XP level 4. HP: 24/24 MP: 4/8
  1916 | D:2      | Found a deep blue altar of Sif Muna.
  2346 | D:2      | Reached skill level 5 in Earth Magic
  2570 | D:3      | Found a sacrificial altar of Ru.
  2633 | D:3      | Found an iron altar of Okawaru.
  3093 | D:3      | Reached XP level 5. HP: 21/28 MP: 9/9
  3273 | D:3      | Reached XP level 6. HP: 10/32 MP: 10/11
  3623 | D:4      | You fall through a shaft for 2 floors!
  3623 | D:6      | Found Doisopra's Book Shop.
  3633 | D:6      | Reached skill level 6 in Earth Magic
  3654 | D:6      | HP: 1/32 [adder zombie (1)]
  3658 | D:6      | Slain by an adder zombie

Skill      XL: |  1  2  3  4  5  6 |
---------------+-------------------+-----
Earth Magic    | 4 5 6 |  6.0
Conjurations   | 1 2 3 |  3.2
Spellcasting   | 3 |  3.8
Dodging        | |  1.5
Stealth        | |  2.1
Transmutations | |  0.7

Action                   |  1- 3 |  4- 6 || total
-------------------------+-------+-------++-------
Melee: Unarmed           |    27 |     2 ||    29
       Dagger            |       |    13 ||    13
       Rapier            |       |     4 ||     4
       Staff             |       |    10 ||    10
       Mace              |       |     1 ||     1
 Cast: Sandblast         |    39 |    68 ||   107
       Stone Arrow       |       |    10 ||    10
  Use: Scroll            |     1 |     2 ||     3
       Potion            |       |     1 ||     1
 Stab: Sleeping          |       |     1 ||     1
  Eat: Chunk             |     2 |     8 ||    10
Armor: Robe              |    20 |    22 ||    42
Dodge: Dodged            |    34 |    57 ||    91
